 Dungeon Crawl Stone Soup version 0.30-a0-585-g93115170b9 (webtiles) character file.

Game seed: 3718676023499385895

261 bande the Covered (level 6, -1/38 HPs)
             Began as a Gargoyle Fighter on Jan 2, 2023.
             Slain by an ogre
             ... wielding a +0 giant club
              (14 damage)
             ... on level 4 of the Dungeon.
             The game lasted 00:03:16 (2344 turns).

bande the Covered (Gargoyle Fighter)                Turns: 2344, Time: 00:03:17

Health: -1/38      AC: 12    Str: 25    XL:     6   Next: 18%
Magic:  6/6        EV:  9    Int:  9    God:
Gold:   231        SH:  4    Dex: 11    Spells: 5/5 levels left

rFire   . . .      SeeInvis .    a - +0 war axe
rCold   . . .      Faith    .    c - +0 buckler
rNeg    + . .      Spirit   .    b - +0 scale mail
rPois   ∞          Reflect  .    (no helmet)
rElec   +          Harm     .    (no cloak)
rCorr   .          Rampage  .    (no gloves)
Will    .....                    e - +0 pair of boots Stlth
                                 (no amulet)
HPRegen 0.26/turn                l - +6 ring of strength
MPRegen 0.10/turn                (no ring)

@: no status effects
A: sickness immunity, AC +4, negative energy resistance 1, electricity
resistance, torment resistance 1, petrification resistance
a: no special abilities


You were on level 4 of the Dungeon.
You visited 1 branch of the dungeon, and saw 4 of its levels.

You collected 231 gold pieces.

Inventory:

Hand Weapons
 a - a +0 war axe (weapon)
Armour
 b - a +0 scale mail (worn)
 c - a +0 buckler (worn)
 e - a +0 pair of boots (worn)
Jewellery
 l - a +6 ring of strength (left hand)
Scrolls
 f - 5 scrolls of identify
 j - 2 scrolls of teleportation
 n - a scroll of summoning
Potions
 d - a potion of might
 g - 3 potions of haste
 h - 2 potions of lignification {unknown}
 i - a potion of flight {unknown}
 k - a potion of magic {unknown}
 m - 2 potions of curing


   Skills:
 + Level 4.1 Fighting
 + Level 4.0 Axes
 + Level 4.6 Armour
 + Level 4.2 Shields


You had 5 spell levels left.
You didn't know any spells.
Your spell library contained the following spells:

 Spells                   Type           Power      Damage    Failure   Level
 Poisonous Vapours        Pois/Air       0%         N/A       88%         2
 Mephitic Cloud           Conj/Pois/Air  0%         N/A       98%         3
 Cigotuvi's Dreadful Rot  Necr/Pois/Air  Unusable   N/A       N/A         2

Dungeon Overview and Level Annotations

Branches:
Dungeon (4/15)
 Temple: D:4-7

Altars:
Cheibriados
Vehumet

Annotations:
D:3 exclusion: statue


Innate Abilities, Weirdness & Mutations

You are immune to sickness and miasma.
Your stone body is resilient. (AC +4)
You are immune to poison.
You resist negative energy. (rN+)
You are resistant to electric shocks. (rElec)
You are resistant to unholy torment.
You are immune to petrification.


Message History

The scorpion stings you but does no damage.
You barely miss the scorpion.
The scorpion is severely wounded.
You hear the slow hiss of an avalanche of sand.
The scorpion barely misses you. x2
You hit the scorpion.
The scorpion is severely wounded.
The scorpion barely misses you. x2
A scorpion is nearby!
You hit the scorpion but do no damage.
The scorpion is severely wounded.
The scorpion stings you.
You slash the scorpion!
You kill the scorpion!
Your Axes skill increases to level 4!
You have reached level 6!
Found a stone staircase leading up.
An ogre comes into view. It is wielding a +0 giant club.
You see here a scorpion corpse.
The ogre shouts!
An orc comes into view. It is wielding a +0 dagger.
You block the ogre's attack.
You slash the ogre!
The ogre is moderately wounded.
You barely miss the ogre.
The ogre is moderately wounded.
The ogre barely misses you.
You slash the ogre!
The ogre is severely wounded.
The ogre barely misses you.
You hit the ogre.
The ogre is almost dead.
The ogre hits you with a +0 giant club!!
Ouch! That really hurt!
You hit the ogre.
The ogre is almost dead.
You slash the orc!
You kill the orc!
The ogre hits you with a +0 giant club!
You die...

# #.....≈## #≈... #
#.....≈# #≈..# #
######≈# #≈..# #
#≈# #≈..# #
#≈#####≈..###
#≈≈≈≈≈≈≈..#8#
#########...).†...#
#........######..##
..######.# #.@O#
### #........)...#
#########..#.!...
#..8.#.## ...... ..
##...<... #.#.##
.#.#


You could see an ogre.

Vanquished Creatures
  2 scorpions
  A hound (D:4)
  Jessica (D:2)
  2 adders
  2 worms
  2 orcs
  6 ball pythons
  4 bats
  5 endoplasms
  2 giant cockroaches (D:3)
  8 goblins
  6 hobgoblins
  3 jackals (D:3)
  3 quokkas
  3 frilled lizards
  3 kobolds
  2 rats
55 creatures vanquished.

Notes
Turn   | Place    | Note
-------+----------+-------------------------------------------
     0 | D:1      | bande the Gargoyle Fighter began the quest for the Orb.
     0 | D:1      | Reached XP level 1. HP: 14/14 MP: 1/1
    68 | D:1      | Reached XP level 2. HP: 19/19 MP: 2/2
   589 | D:1      | Reached XP level 3. HP: 14/23 MP: 3/3
  1007 | D:2      | Found a radiant altar of Vehumet.
  1132 | D:2      | Noticed Jessica
  1141 | D:2      | Killed Jessica
  1462 | D:2      | Reached XP level 4. HP: 18/28 MP: 4/4
  1674 | D:3      | Noticed a scorpion
  1682 | D:3      | Killed a scorpion
  1683 | D:3      | Reached XP level 5. HP: 30/33 MP: 5/5
  1744 | D:3      | Found a radiant altar of Vehumet.
  1745 | D:3      | Noticed a frost-covered statue
  1854 | D:3      | Found a faded altar of an unknown god.
  1969 | D:3      | Found a snail-covered altar of Cheibriados.
  2064 | D:3      | Identified the +0 robe of the Watchman {Str+5}
  2335 | D:4      | Reached XP level 6. HP: 35/38 MP: 6/6
  2344 | D:4      | Slain by an ogre

Illustrated notes

Levels and vault maps discovered:
D:1:      wander_arrival_desolate, layout_loops_ring
D:2:      layout_basic, basic_altar, uniq_jessica
D:3:      layout_rooms, vehumet_statue, cheibrodos_worm_habitat,
          chequers_ecumenical_altar_grove, serial_park_tiny_pond
D:4:      layout_loops_cross, nicolae_overflow_two_pavilions,
          lightli_ossuary_entry_decrepit_ruins, minmay_crystal_water,
          nicolae_concentric_dashed_squares_wild, corexii_leaking_fountain

Skill      XL: |  1  2  3  4  5 |
---------------+----------------+-----
Axes           | 2 3 4 |  4.0
Armour         | 4 |  4.6
Shields        | 4 |  4.2
Fighting       | 4 |  4.1

Action                   |  1- 3 |  4- 6 || total
-------------------------+-------+-------++-------
Melee: War axe           |    67 |   111 ||   178
  Use: Scroll            |     6 |     1 ||     7
Armor: Scale mail        |    35 |    79 ||   114
Dodge: Dodged            |    30 |    65 ||    95
Block: Buckler           |    15 |    30 ||    45

Table legend: (Time is in decaauts)
 A = Elapsed time spent in this place.
 B = Non-inter-level travel time spent in this place.
 C = Inter-level travel time spent in this place.
 D = Time resting spent in this place.
 E = Time spent auto-exploring this place.
 F = Levels seen in this place.
 G = Mean time per level.
                   A        B        C        D        E       F      G
               +--------+--------+--------+--------+--------+-----+--------+
         Total |   2428 |   2397 |     31 |    256 |   1623 |   4 |  607.0 |
       Dungeon |   2428 |   2397 |     31 |    256 |   1623 |   4 |  607.0 |
               +--------+--------+--------+--------+--------+-----+--------+

Top non-repeatable levels by time:
     D:2: 829 daAuts
     D:1: 827 daAuts
     D:3: 554 daAuts
     D:4: 217 daAuts
